 Dungeon Crawl Stone Soup version 0.24-a0-59-gc4a3eeb (webtiles) character file.

Game seed: 11153741908191864573

5357 Atlas the Thaumaturge (level 10, -3/71 HPs)
             Began as a Mummy Necromancer on Feb 4, 2019.
             Was an Initiate of Gozag.
             Slain by Snorg (21 damage)
             ... on level 10 of the Dungeon.
             The game lasted 00:17:45 (12421 turns).

Atlas the Thaumaturge (Mummy Necromancer)          Turns: 12421, Time: 00:17:45

Health: -3/71      AC:  9    Str: 12    XL:     10   Next: 39%
Magic:  9/23       EV: 16    Int: 18    God:    Gozag
Gold:   480        SH:  0    Dex: 14    Spells: 24/28 levels left

rFire    . . .     SeeInvis .   i - +2 spear (venom)
rCold    + . .     Gourm    .   (no shield)
rNeg     + + +     Faith    .   p - +2 leather armour {rF+}
rPois    ∞         Spirit   .   g - +0 helmet
rElec    .         Reflect  .   o - +0 cloak
rCorr    .         Harm     .   (no gloves)
MR       +....                  m - +0 pair of boots
Stlth    ++........             (no amulet)
HPRegen  0.21/turn              t - +3 ring of evasion
MPRegen  0.18/turn              A - +2 ring of dexterity

@: no status effects
A: no food or potions, fire vulnerability, cold resistance 1, negative energy
resistance 3, torment resistance, unbreathing
a: Potion Petition, Call Merchant, Bribe Branch, Renounce Religion


You were on level 10 of the Dungeon.
You worshipped Gozag.
Gozag was aware of your devotion.
You were not hungry.

You visited 2 branches of the dungeon, and saw 11 of its levels.

You collected 787 gold pieces.
You spent 153 gold pieces at shops.
You paid 154 gold pieces to Gozag.

Inventory:

Hand Weapons
 i - a +2 spear of venom (weapon)
Armour
 g - a +0 helmet (worn)
 h - a +0 ring mail
 l - the +5 ring mail of Music {*Corrode rC+++ Str-4 Slay+2}
   (You bought it in a shop on level 4 of the Dungeon)

   It affects your strength (-4).
   It affects your accuracy and damage with ranged weapons and melee attacks
   (+2).
   It renders you almost immune to cold.
   It may corrode you when you take damage.
 m - a +0 pair of boots (worn)
 o - a +0 cloak (worn)
 p - a +2 leather armour of fire resistance (worn)
Jewellery
 t - a +3 ring of evasion (left hand)
 A - a +2 ring of dexterity (right hand)
 B - an uncursed ring of ice
Wands
 k - a wand of flame (28)
 n - a wand of digging (7)
 q - a wand of enslavement (15)
 s - a wand of random effects (38)
 u - a wand of paralysis (3)
 y - a wand of polymorph (5)
 z - a wand of scattershot (6)
Scrolls
 a - 4 scrolls of amnesia
 b - 3 scrolls of fog
 c - a scroll of enchant weapon
 d - 7 scrolls of teleportation
 e - 6 scrolls of remove curse
 f - 4 scrolls of identify
 j - 3 scrolls of blinking
 r - a scroll of enchant armour
 v - 3 scrolls of magic mapping
 w - a scroll of noise
 x - a scroll of vulnerability


   Skills:
 + Level 3.9 Fighting
 + Level 4.9 Polearms
 + Level 4.1 Armour
 + Level 4.0 Dodging
 + Level 3.1 Stealth
 + Level 0.8 Unarmed Combat
 + Level 9.9 Spellcasting
 + Level 8.8 Necromancy
 + Level 0.8 Evocations


You had 24 spell levels left.
You knew the following spells:

 Your Spells              Type           Power        Failure   Level  Hunger
a - Pain                  Necr           ####         1%          1    N/A
c - Vampiric Draining     Necr           #####.....   1%          3    N/A

Your spell library contained the following spells:

 Spells                   Type           Power        Failure   Level  Hunger
 Animate Skeleton         Necr           N/A          1%          1    N/A
 Animate Dead             Necr           N/A          2%          4    N/A
 Confusing Touch          Hex            #.....       11%         1    N/A
 Confuse                  Hex            #.......     30%         3    N/A
 Gell's Gravitas          Tloc           #.........   30%         3    N/A
 Petrify                  Tmut/Erth      #.......     71%         4    N/A
 Metabolic Englaciation   Hex/Ice        #.........   96%         5    N/A
 Yara's Violent Unravell  Hex/Tmut       #.........   96%         5    N/A
 Regeneration             Chrm/Necr      Unusable     N/A         3    N/A

Dungeon Overview and Level Annotations

Branches:
Dungeon (10/15)            Temple (1/1) D:5            Lair (0/6) D:10
    Orc (0/2) D:10

Altars:
Ashenzari
Cheibriados
Dithmenos
Elyvilon
Fedhas
Gozag
Hepliaklqana
Kikubaaqudgha
Makhleb
Nemelex Xobeh
Okawaru
Qazlal
Ru
Sif Muna
Trog
Uskayaw
Vehumet
Wu Jian
Xom
Yredelemnul
Zin
The Shining One

Shops:
D:4 [:*   D:5 %   D:6 :   D:8 :

Annotations:
D:10 Snorg


Innate Abilities, Weirdness & Mutations

You do not eat or drink.
Your flesh is vulnerable to fire.
You are immune to poison.
Your flesh is cold resistant. (rC+)
You are immune to negative energy. (rN+++)
You are immune to unholy pain and torment.
You can survive without breathing.


Message History

Snorg misses you.
Casting: Vampiric Draining (safe; 1% risk of failure)
Confirm with . or Enter, or press ? or * to list all spells.
Aiming: Vampiric Draining (safe; 1% risk of failure)
Press: ? - help, Shift-Dir - straight line, f/p - Snorg
Aim: Snorg (almost dead, berserk, fast, unusually strong, poisoned) Snorg is almost dead.
You feel life coursing into your body. Snorg barely misses you.
Snorg claws you. Snorg claws you but does no damage.
Casting: Vampiric Draining (safe; 1% risk of failure)
Confirm with . or Enter, or press ? or * to list all spells.
Aiming: Vampiric Draining (safe; 1% risk of failure)
Press: ? - help, Shift-Dir - straight line, f/p - Snorg
Aim: Snorg (almost dead, berserk, fast, unusually strong, poisoned) Snorg is almost dead.
You feel life coursing into your body. Snorg misses you. x2; Snorg claws you!
* * * LOW HITPOINT WARNING * * *
Snorg bites you!!
You die...
Your body crumbles into a pile of gold.

#.#..#.#######...
#.#..#.#.........
#.#..#.#.#####[#.
#.####.#.#####.##
#####.#....#.......##
#...#.#..#.#.......##
#..........#.......#
#.......!..#.......#
#...@......#.......#
#..T.......#.#####.#
#...#....##.....##.#
###########.....##.#
##.....'..##
#...........
#...........
#.....#.....
#....#...#..


You could see Snorg (berserk).

Vanquished Creatures
  2 trolls
  Sigmund (D:6)
  Eustachio (D:5)
  2 hungry ghosts
  A steam dragon (D:10)
  Duvessa (D:5)
  5 orc warriors
  5 ogres
  3 sky beasts
  3 centaurs
  3 bullfrogs
  A big kobold (D:10)
  Dowan (D:5)
  2 scorpions
  7 killer bees (D:8)
  4 wights
  7 howler monkeys
  3 crimson imps
  A centaur zombie (D:8)
  5 hounds
  5 jellies
  A bullfrog skeleton (D:7)
  5 orc priests
  7 orc wizards
  2 centaur skeletons
  Jessica (D:2)
  3 iguanas
  Natasha (D:3)
  A hell rat (D:10)
  6 worker ants
  A hound skeleton (D:4)
  Robin (D:2)
  13 adders
  7 gnolls (D:3)
  A river rat (D:10)
  A shadow imp (D:6)
  6 oozes
  2 adder skeletons
  2 worms (D:3)
  A dart slug (D:3)
  4 leopard geckos
  23 orcs
  5 giant cockroaches
  16 goblins
  13 hobgoblins
  9 jackals
  18 kobolds
  8 quokkas
  A ball python (D:3)
  6 bats
  5 frilled lizards
  A leopard gecko zombie (D:6)
  A quokka skeleton (D:10)
  7 rats
242 creatures vanquished.

Notes
Turn   | Place    | Note
-------+----------+-------------------------------------------
     0 | D:1      | Atlas the Mummy Necromancer began the quest for the Orb.
     0 | D:1      | Reached XP level 1. HP: 13/13 MP: 4/4
   203 | D:1      | Reached XP level 2. HP: 19/19 MP: 2/5
   308 | D:1      | Reached skill level 3 in Spellcasting
   692 | D:1      | Reached XP level 3. HP: 24/24 MP: 4/7
   697 | D:1      | Learned a level 3 spell: Vampiric Draining
   964 | D:2      | Found a sacrificial altar of Ru.
  1025 | D:2      | Noticed Jessica
  1035 | D:2      | Killed Jessica
  1102 | D:2      | Reached skill level 4 in Spellcasting
  1130 | D:2      | Reached XP level 4. HP: 30/30 MP: 7/10
  1355 | D:2      | Noticed Robin
  1391 | D:2      | Killed Robin
  1391 | D:2      | Reached skill level 5 in Necromancy
  1980 | D:3      | Reached XP level 5. HP: 32/35 MP: 0/11
  2352 | D:3      | Reached skill level 5 in Spellcasting
  2567 | D:3      | Noticed Natasha
  2582 | D:3      | Killed Natasha
  2847 | D:3      | Found a glowing golden altar of the Shining One.
  2903 | D:3      | Found a bloodstained altar of Trog.
  2909 | D:3      | Reached skill level 1 in Armour
  2910 | D:3      | Reached XP level 6. HP: 35/41 MP: 9/13
  3108 | D:4      | Reached skill level 1 in Polearms
  3337 | D:4      | Found Rureq's Assorted Antiques.
  3449 | D:4      | Found a snail-covered altar of Cheibriados.
  3456 | D:4      | Noticed a sky beast
  3460 | D:4      | Reached XP level 7. HP: 40/47 MP: 15/15
  3467 | D:4      | Reached skill level 6 in Spellcasting
  3562 | D:4      | Reached skill level 1 in Fighting
  3862 | D:4      | Found Xekhlam's Book Shop.
  3955 | D:4      | Found a glowing silver altar of Zin.
  4068 | D:5      | Entered Level 5 of the Dungeon
  4195 | D:5      | Found Ytuitta's Food Shop.
  4315 | D:4      | Reached skill level 7 in Spellcasting
  4315 | D:4      | Reached XP level 8. HP: 39/54 MP: 11/18
  4470 | D:4      | Found Yhifyipn's Armour Shoppe.
  4565 | D:4      | Bought a brightly glowing ring mail for 153 gold pieces
  4575 | D:4      | Identified the +5 ring mail of Music {*Corrode rC+++ Str-4
                  | Slay+2} (You bought it in a shop on level 4 of the Dungeon)
  4631 | D:5      | Found a staircase to the Ecumenical Temple.
  4641 | Temple   | Entered the Ecumenical Temple
  5065 | D:5      | Found a stormy altar of Qazlal.
  5116 | D:5      | Noticed Dowan
  5117 | D:5      | Noticed Duvessa
  5129 | D:5      | Killed Duvessa
  5132 | D:5      | Killed Dowan
  5645 | D:5      | Noticed Eustachio
  5683 | D:5      | Killed Eustachio
  6022 | D:6      | Found a hazy altar of Hepliaklqana.
  6028 | D:6      | Reached skill level 8 in Spellcasting
  6571 | D:6      | Found a shimmering altar of Xom.
  6613 | D:6      | Reached XP level 9. HP: 61/61 MP: 21/21
  6723 | D:6      | Found a blossoming altar of Fedhas.
  6754 | D:6      | Noticed Sigmund
  6775 | D:6      | Killed Sigmund
  7035 | D:6      | Found Uteimye's Book Emporium.
  8134 | D:7      | Found a snail-covered altar of Cheibriados.
  8864 | D:6      | Reached skill level 9 in Spellcasting
 10269 | D:8      | Found a sparkling altar of Nemelex Xobeh.
 10273 | D:8      | Found an iron altar of Okawaru.
 10273 | D:8      | Found a radiant altar of Vehumet.
 10279 | D:8      | Reached XP level 10. HP: 70/70 MP: 23/23
 10333 | D:8      | Found Xybb's Book Shoppe.
 11102 | D:9      | Found an opulent altar of Gozag.
 11102 | D:9      | Found a deep blue altar of Sif Muna.
 11105 | D:9      | Became a worshipper of Gozag Ym Sagoz the Greedy
 11199 | D:9      | Found an ornate altar of the Wu Jian Council.
 11291 | D:10     | Entered Level 10 of the Dungeon
 11331 | D:10     | Noticed a death yak
 11652 | D:10     | Found a staircase to the Orcish Mines.
 11732 | D:10     | Noticed a death yak
 11733 | D:10     | Noticed a death yak
 11893 | D:10     | Found a staircase to the Lair.
 11895 | D:10     | Noticed Snorg
 12421 | D:10     | Slain by Snorg

Vault maps used:
D:1:      psy_arrival_fountain, kennysheep_boxes
D:2:      overflow_temple_1_default, uniq_robin, uniq_jessica
D:3:      nicolae_overflow_crystal_walls, trog_hazing_becter, uniq_natasha
D:4:      nicolae_overflow_hidden_temple, kennysheep_mini_moat, first_ration,
          serial_shops, nicolae_shop_statue_plus, nicolae_shop_behind_doors,
          kennysheep_mini
D:5:      lemuel_round_altar, minmay_temple_entry_grid, serial_shops, shop,
          uniq_duvessa, uniq_eustachio
D:6:      lemuel_round_altar, fedhas_altar_1, serial_shops,
          nicolae_shop_crystal, xom_teletrap_fun, uniq_sigmund
D:7:      basic_altar
D:8:      minitemple, serial_shops, shop, hangedman_little_slice_of_home
D:9:      old_standard_altar, gammafunk_temple_overflow_elements
D:10:     dpeg_lair_monsters, david_orc_2, uniq_snorg
Temple:   jpeg_temple_island

Skill      XL: |  1  2  3  4  5  6  7  8  9 10 |
---------------+-------------------------------+-----
Spellcasting   | 3 4 5 7 8 9 |  9.9
Necromancy     | 5 6 7 8 |  8.8
Stealth        | 2 3 |  3.1
Armour         | 1 2 3 4 |  4.1
Polearms       | 1 2 4 |  4.9
Fighting       | 1 2 3 |  3.9
Dodging        | 2 3 4 |  4.0
Unarmed Combat | |  0.8
Evocations     | |  0.8

Action                   |  1- 3 |  4- 6 |  7- 9 | 10-12 || total
-------------------------+-------+-------+-------+-------++-------
Melee: Unarmed           |     6 |     8 |       |       ||    14
       Dagger            |       |    22 |       |       ||    22
       Spear             |       |    94 |   520 |   171 ||   785
       Punch             |       |       |     1 |       ||     1
 Cast: Pain              |    53 |    89 |    36 |    19 ||   197
       Vampiric Draining |       |     1 |    55 |    20 ||    76
Evoke: Wand              |       |       |    13 |     1 ||    14
  Use: Scroll            |       |       |     7 |     5 ||    12
 Stab: Sleeping          |       |     1 |     6 |     1 ||     8
       Paralysed         |       |       |       |     9 ||     9
Armor: Robe              |     3 |       |       |       ||     3
       Ring mail         |       |    50 |   120 |       ||   170
       Leather armour    |       |       |    96 |    29 ||   125
Dodge: Dodged            |     5 |    75 |   379 |   126 ||   585

Table legend:
 A = Non-vault XP
 B = Vault XP
 C = Vault XP percentage of total XP
 D = Non-vault monster count
 E = Vault monster count
 F = Vault count percentage of total count
                 A         B        C        D         E       F
            +---------+---------+-------+---------+---------+-------
      Total |    6392 |    1261 |  16.5 |     206 |      36 |  14.9
            +---------+---------+-------+---------+---------+-------
        D:1 |      46 |       0 |   0.0 |      25 |       0 |   0.0
        D:2 |      50 |      66 |  56.9 |      22 |       9 |  29.0
        D:3 |     193 |      47 |  19.6 |      35 |       7 |  16.7
        D:4 |     965 |       0 |   0.0 |      29 |       0 |   0.0
        D:5 |     465 |     428 |  47.9 |      15 |       3 |  16.7
        D:6 |    1198 |     220 |  15.5 |      24 |       1 |   4.0
        D:7 |     603 |       0 |   0.0 |      15 |       0 |   0.0
        D:8 |    1128 |     168 |  13.0 |      21 |       8 |  27.6
        D:9 |     534 |       0 |   0.0 |       5 |       0 |   0.0
       D:10 |    1210 |     332 |  21.5 |      15 |       8 |  34.8
            +---------+---------+-------+---------+---------+-------
